Map: Abiogenesis LE

Players

SammyButche - Winner!

  • Race: Terran Terran
  • Spawn Location: 11:00

fruitcake

  • Race: Terran Terran
  • Spawn Location: 5:00

VOD

Have the link to the VOD?

Description

Time

  • Played on: May 12, 2018, 8:57 a.m.
  • Length: 13:16
Show
View Real Time Build Order
Export as new Build Order

SammyButche Terran - Winner!

Build Orders: 1/1/1, Bio Tank 

Get SALT Encoding   

  12  0:00  SCV  
  13  0:13  SCV  
  14  0:17  Supply Depot  
  14  0:25  SCV  
  15  0:38  Refinery  
  15  0:39  SCV  
  16  0:46  Barracks  
  16  0:51  SCV  
  17  1:03  SCV  
  18  1:10  Refinery  
  18  1:15  SCV  
  19  1:27  SCV  
  20  1:38  Factory  
  20  1:41  Supply Depot  
  20  1:52  Reaper  
  21  1:56  Orbital Command  
  21  2:11  Barracks  
  21  2:24  Factory Reactor  
  21  2:27  Starport  
  21  2:31  SCV  
  22  2:43  SCV  
  23  2:46  Supply Depot  
  23  2:54  Barracks Tech Lab  
  23  2:55  SCV  
  24  3:00  Barracks Reactor  
  24  3:01  Widow Mine  
  24  3:02  Widow Mine  
  28  3:06  Medivac  
  28  3:07  SCV  
  30  3:53  Factory Tech Lab  
  30  3:54  Supply Depot  
  30  3:57  Marine x3  
  33  4:07  Command Center  
  33  4:14  Marine  
  33  4:15  Marine  
  35  4:18  Supply Depot  
  31  4:41  Siege Tank  
  31  4:43  Marine x2  
  31  4:44  Marine  
  37  4:50  Medivac  
  39  5:01  Marine x3  
  39  5:03  Engineering Bay  
  39  5:04  SCV  
  43  5:13  Siege Tank  
  46  5:16  SCV  
  46  5:19  Marine  
  48  5:23  Orbital Command  
  48  5:28  SCV  
  49  5:37  Marine x3  
  49  5:40  SCV  
  53  5:45  Stimpack  
  53  5:52  SCV  
  53  5:54  Marine, Medivac  
  53  5:55  Marine x2  
  59  6:04  SCV  
  60  6:12  Siege Tank  
  60  6:13  Marauder  
  65  6:19  Marine x2  
  65  6:25  Supply Depot  
  67  6:32  Terran Infantry Weapons Level 1, Supply Depot  
  67  6:34  Marine  
  67  6:37  Marine x2  
  70  6:46  Siege Tank  
  73  6:47  Supply Depot  
  73  6:52  Marine  
  74  6:55  Marine x2  
  74  6:59  SCV, Missile Turret  
  77  7:05  SCV  
  78  7:09  Refinery  
  78  7:10  Marine  
  79  7:17  SCV  
  79  7:18  Siege Tank  
  79  7:21  Missile Turret  
  68  7:45  Combat Shields  
  68  7:50  Refinery  
  68  7:54  SCV  
  69  8:06  SCV, Medivac x2  
  74  8:19  SCV  
  75  8:26  Terran Infantry Armor Level 1  
  75  8:28  SCV  
  75  8:31  SCV  
  77  8:36  Medivac x2  
  77  8:40  SCV  
  82  8:43  SCV  
  82  8:46  Command Center  
  74  8:52  Marine  
  74  8:53  SCV, Marine x2  
  74  8:55  SCV  
  79  9:05  SCV  
  79  9:06  Medivac  
  79  9:07  SCV  
  83  9:10  Marine x3, Siege Tank  
  90  9:17  SCV  
  90  9:28  Marine x3  
  93  9:43  Barracks  
  93  9:45  Barracks  
  93  9:46  Marine  
  93  9:47  Barracks  
  93  9:49  Barracks  
  94  9:54  Supply Depot  
  94  9:58  Marine x2, Siege Tank  
  99  10:04  Marine  
  87  10:16  Marine x2, Supply Depot  
  84  10:21  Marine  
  83  10:30  Siege Tank  
  83  10:33  Marine x2  
  88  10:40  Supply Depot  
  88  10:51  Marine  
  88  10:54  Marine x2  
  91  11:02  Siege Tank, Supply Depot  
  94  11:09  Marine  
  95  11:11  Marine x2  
  97  11:27  Marine  
  97  11:29  Marine x2  
  100  11:35  Siege Tank  
  100  11:37  Medivac x2  
  107  11:41  Barracks Tech Lab  
  107  11:42  Barracks Tech Lab  
  107  11:43  Barracks Reactor  
  107  11:44  Barracks Reactor  
  107  11:45  Marine  
  108  11:47  Marine x2  
  110  12:02  Marine  
  110  12:05  Marine x2  
  110  12:07  Siege Tank, Medivac  
  117  12:39  Siege Tank  
  120  12:46  Marine x5  
  120  12:47  Marine x4  
Show
View Real Time Build Order
Export as new Build Order

fruitcake Terran 

Build Orders: MMM Bio 

Get SALT Encoding   

  12  0:01  SCV  
  13  0:13  Supply Depot  
  13  0:18  SCV  
  14  0:30  SCV  
  14  0:31  Refinery  
  15  0:42  SCV  
  16  0:46  Barracks  
  16  0:54  SCV  
  17  1:06  SCV  
  18  1:11  Supply Depot  
  18  1:18  SCV  
  18  1:24  Barracks  
  19  1:31  SCV  
  20  1:33  Marine  
  21  1:43  SCV  
  21  1:45  Refinery  
  22  1:54  Marine  
  22  1:55  SCV  
  22  1:59  Factory  
  24  2:22  Orbital Command  
  24  2:27  Barracks Reactor  
  24  2:28  Barracks Tech Lab  
  24  2:32  Engineering Bay  
  24  2:57  SCV  
  25  3:01  Terran Infantry Weapons Level 1  
  25  3:04  Barracks Tech Lab  
  25  3:17  Command Center  
  25  3:24  Marine x2  
  25  3:25  Marauder  
  28  3:42  Marine x2, Stimpack  
  30  3:54  Supply Depot  
  30  3:58  Supply Depot  
  30  3:59  Marine  
  31  4:06  Marine  
  31  4:07  Marauder  
  34  4:17  Marine  
  34  4:18  SCV  
  35  4:28  Marine  
  35  4:30  SCV  
  36  4:43  Missile Turret  
  36  4:46  Marauder  
  36  4:49  Missile Turret  
  36  4:50  Missile Turret  
  38  4:58  Terran Infantry Armor Level 1  
  38  5:01  Marine x2  
  40  5:15  Sensor Tower  
  40  5:20  Planetary Fortress  
  40  5:31  Marine  
  40  5:33  Marine  
  42  5:38  SCV  
  43  5:43  Combat Shields  
  43  5:44  Marauder  
  45  5:50  SCV  
  46  5:57  Marine  
  46  5:58  Marine  
  46  6:01  SCV  
  46  6:03  Starport  
  49  6:14  Siege Tank  
  52  6:21  SCV  
  52  6:22  Refinery  
  52  6:23  SCV  
  52  6:24  Refinery  
  54  6:26  Marine  
  54  6:27  Marine  
  56  6:34  SCV  
  57  6:47  Marine x2, Marauder  
  61  6:59  SCV  
  61  7:00  SCV  
  63  7:04  Marine  
  63  7:05  Marine  
  65  7:09  Marauder  
  65  7:11  SCV  
  65  7:12  SCV  
  69  7:24  SCV  
  70  7:49  Missile Turret  
  70  8:04  Supply Depot  
  70  8:20  Armory  
  70  8:21  Supply Depot  
  70  8:24  Supply Depot  
  70  8:25  Marine x2, SCV x2  
  70  8:26  Medivac, Marauder  
  78  8:42  SCV x2  
  78  8:43  Marine x2  
  78  8:47  Marauder  
  48  9:01  Marine x2  
  50  9:08  Marauder  
  52  9:15  Command Center  
  52  9:18  Marine x2  
  52  9:21  Thor  
  60  9:28  Terran Infantry Weapons Level 2  
  60  9:29  Marine, Terran Vehicle Weapons Level 1  
  60  9:31  Concussive Shells  
  61  9:32  Starport Tech Lab  
  61  9:36  Marine x2  
  63  9:42  Factory  
  63  9:47  SCV, Marine  
  65  9:54  Marine x2  
  67  10:05  Marauder  
  66  10:12  Marine x2  
  41  10:27  Marauder  
  24  10:42  SCV  
  24  10:53  Marine x3  
  24  10:54  SCV  
  24  10:55  Siege Tank  
  29  11:02  SCV  
  29  11:04  Orbital Command  
  33  11:06  SCV  
  33  11:11  Marine x2  
  34  11:14  SCV  
  34  11:19  SCV  
  35  11:26  SCV  
  35  11:27  Siege Tank  
  39  11:44  SCV  
  37  11:47  SCV  
  37  11:50  SCV  
  39  11:59  SCV, Siege Tank  
  37  12:02  SCV  
  37  12:06  Marine  
  35  12:19  Marine  
  36  12:24  Marine  
  40  12:37  Marine  
  40  12:42  Marine  
  41  12:55  Marine  
  41  12:57  Refinery  
  41  12:58  Refinery  
Tags
 
Composition
Bio TankMMM Bio
Matchup
TvT
Opening
1/1/1
Race
Terran
Spawn Locations
Cross Positions
Add a new tag
Caveats
  • Supply blocks, unpowered buildings, or Contaminate may cause inaccurate times.
  • Supply counts are checked every 10 seconds.